 Dungeon Crawl Stone Soup version 0.23-a0-448-g1c01f63 (webtiles) character file.

15976 RoseArtemis the Grappler (level 12, -3/178 HPs)
             Began as a Troll Monk on Nov 20, 2018.
             Was a High Priest of Makhleb.
             Slain by an eight-headed hydra (10 damage)
             ... on level 2 of the Lair of Beasts.
             The game lasted 00:30:36 (10235 turns).

RoseArtemis the Grappler (Troll Monk)              Turns: 10235, Time: 00:30:37

Health: -3/178     AC: 28    Str: 22    XL:     12   Next: 6%
Magic:  16/16      EV:  1    Int:  7    God:    Makhleb [*****.]
Gold:   401        SH:  0    Dex: 18    Spells: 11/11 levels left

rFire    . . .     SeeInvis .     - Unarmed
rCold    . . .     Gourm    +   (no shield)
rNeg     + + +     Faith    .   (armour currently unavailable)
rPois    +         Spirit   .   (helmet currently unavailable)
rElec    .         Reflect  .   (cloak currently unavailable)
rCorr    .         Harm     .   (gloves unavailable)
MR       .....     NoTele   +   (boots unavailable)
Stlth    ++........             H - amulet of the acrobat
HPRegen  0.79/turn              a - ring "Ranonef" {AC+2 Dex+3}
MPRegen  0.15/turn              u - ring of poison resistance

@: tree-form
A: large, unfitting armour, fast metabolism 3, gourmand, regeneration 1
a: Minor Destruction, Lesser Servant of Makhleb, Major Destruction, Greater
Servant of Makhleb, Renounce Religion


You were on level 2 of the Lair of Beasts.
You worshipped Makhleb.
Makhleb was extremely pleased with you.
You were completely stuffed.
You were a tree.
You visited 3 branches of the dungeon, and saw 13 of its levels.

You collected 680 gold pieces.
You spent 279 gold pieces at shops.

Inventory:

Missiles
 C - a large rock (quivered)
Armour
 x - a +2 cloak (melded)
 y - a +0 robe of resistance
 A - a +0 troll leather armour (melded)
Jewellery
 a - the ring "Ranonef" (left branch) {AC+2 Dex+3}
   (You bought it in a shop on level 10 of the Dungeon)

   [ring of protection]

   It affects your AC (+2).
   It affects your dexterity (+3).
 m - a +3 ring of protection
 u - a ring of poison resistance (right branch)
 w - the amulet "Plog" {Faith rElec rF++ rN+ Int-5}
   (You found it on level 6 of the Dungeon)

   [amulet of faith]

   It allows you to gain divine favour quickly.
   It affects your intelligence (-5).
   It greatly protects you from fire.
   It insulates you from electricity.
   It protects you from negative energy.
 D - an uncursed ring of fire {unknown}
 H - an amulet of the acrobat (around neck)
 I - an uncursed ring of see invisible
 J - an uncursed ring of positive energy
Wands
 o - a wand of acid (9)
 p - a wand of scattershot (3)
 t - a wand of flame (18)
Scrolls
 e - 4 scrolls of amnesia
 f - 2 scrolls of teleportation
 g - 2 scrolls of magic mapping
 i - 3 scrolls of remove curse
 q - a scroll of vulnerability
 v - 2 scrolls of immolation
 z - 2 scrolls of enchant weapon
 B - 2 scrolls of enchant armour
 E - a scroll of fear {unknown}
 K - a scroll of blinking
 L - a scroll of identify
Potions
 c - a potion of berserk rage {unknown}
 h - 4 potions of cancellation
 j - a potion of lignification
 k - a potion of mutation
 l - 7 potions of curing
 n - 2 potions of flight
 r - a potion of agility
 s - 2 potions of invisibility
 F - a potion of might
 G - a potion of ambrosia {unknown}
 M - a potion of degeneration {unknown}
Miscellaneous
 d - a sack of spiders
Comestibles
 b - 23 rations


   Skills:
 + Level 7.9 Fighting
 + Level 4.8 Armour
 - Level 6.0 Dodging
 - Level 2.4 Stealth
 * Level 12.6 Unarmed Combat
 + Level 7.3 Invocations


You had 11 spell levels left.
You didn't know any spells.
Your spell library contained the following spells:

 Spells                   Type           Power        Failure   Level  Hunger
 Summon Small Mammal      Summ           #...         43%         1    ##.....
 Call Imp                 Summ           #.......     56%         2    ###....
 Call Canine Familiar     Summ           #.......     80%         3    ####...
 Summon Guardian Golem    Hex/Summ       #.......     80%         3    ####...
 Summon Ice Beast         Ice/Summ       #.......     99%         4    #####..
 Summon Lightning Spire   Summ/Air       #.......     99%         4    #####..


Dungeon Overview and Level Annotations

Branches:
Dungeon (10/15)            Temple (1/1) D:6            Lair (2/6) D:9
    Orc (0/2) D:10
  Swamp: Lair:2-4    Shoals: Lair:2-4     Snake: Lair:2-4    Spider: Lair:2-4

Altars:
Ashenzari
Cheibriados
Dithmenos
Elyvilon
Fedhas
Gozag
Hepliaklqana
Kikubaaqudgha
Makhleb
Nemelex Xobeh
Okawaru
Qazlal
Ru
Sif Muna
Trog
Uskayaw
Vehumet
Wu Jian
Xom
Yredelemnul
Zin
The Shining One

Shops:
D:10 =

Annotations:
D:6 2 transporters, kirsanium's ghost, novice OpTm
D:10 Josephine


Innate Abilities, Weirdness & Mutations

You are too large for most types of armour.
((You have claws for hands.))
Your metabolism is lightning-fast.
You like to eat raw meat.
Your natural rate of healing is unusually fast.
((You are covered in fur. (AC +1)))
((You have very tough skin. (AC +2)))


Message History

The blizzard demon hits you but does no damage.
The blizzard demon hits you!
* * * LOW HITPOINT WARNING * * *
The eight-headed hydra bites you but does no damage. x5
The eight-headed hydra bites you.
* * * LOW HITPOINT WARNING * * *
The eight-headed hydra bites you but does no damage.
The eight-headed hydra bites you!
* * * LOW HITPOINT WARNING * * *
The blizzard demon hits you.
* * * LOW HITPOINT WARNING * * *
The blizzard demon hits you but does no damage.
The eight-headed hydra bites you but does no damage. x2
The eight-headed hydra bites you.
* * * LOW HITPOINT WARNING * * *
The eight-headed hydra bites you but does no damage. x2
The eight-headed hydra bites you.
* * * LOW HITPOINT WARNING * * *
The eight-headed hydra bites you!
You die...

##............+...##P............
#P...#...........#####......P##.#
##...P...÷....)..## #..#########
#.............#...# #..#
##....(...........# #..#
#...P#.####.##..## #.##
##............>...# ##..######
#................2###..##..#P####
##........#+..##♣..###...........
#.......#......#D####P.(#PP#..P##
#P......#.......F# #P..#########
##.............P.# ##...##
#.......#.##.#..###.....#
.......................##
#........##...###........#
((.....#........#.....##
.......P........+......#


You could see an eight-headed hydra, a blizzard demon and a bullfrog.

Vanquished Creatures
  Harold (D:10)
  3 two-headed ogres
  An ugly thing (D:8)
  A cyclops (D:10)
  2 black mambas
  3 spiny frogs (Lair:2)
  A gargoyle (D:10)
  A rime drake (Lair:2)
  3 trolls (D:9)
  4 blink frogs (Lair:2)
  A hippogriff (D:7)
  Prince Ribbit (Lair:2)
  A wraith (D:10)
  Grum (Lair:1)
  A basilisk (Lair:1)
  14 yaks
  Edmund (D:4)
  A water moccasin (D:10)
  Duvessa (D:6)
  6 porcupines
  An orc warrior (D:8)
  3 phantoms
  A black bear (Lair:2)
  3 sky beasts
  4 ogres
  2 wolves (Lair:1)
  10 crocodiles
  6 centaurs
  A big kobold (D:10)
  Blork the orc (D:5)
  6 bullfrogs
  Dowan (D:6)
  A wyvern zombie (D:10)
  2 scorpions
  10 killer bees
  10 wights
  5 howler monkeys
  An electric eel (Lair:1)
  8 orc priests
  A bullfrog zombie (D:7)
  5 hounds
  3 bullfrog skeletons
  Crazy Yiuf (D:6)
  A centaur skeleton (D:10)
  3 iguanas
  10 orc wizards
  Natasha (D:3)
  Ijyb (D:5)
  4 worker ants
  A hound zombie (D:6)
  A howler monkey zombie (D:10)
  A worker ant zombie (D:6)
  A gnoll (D:1)
  9 adders
  An ooze (D:3)
  2 adder zombies
  3 adder skeletons
  A worm (D:2)
  2 dart slugs (D:1)
  2 leopard geckos
  28 orcs
  4 giant cockroaches
  10 goblins
  4 hobgoblins
  12 jackals
  13 kobolds
  4 quokkas
  3 ball pythons
  6 bats
  4 frilled lizards (D:2)
  A quokka zombie (D:9)
  10 rats
277 creatures vanquished.

Vanquished Creatures (others)
  3 plants (D:9)
3 creatures vanquished.

Grand Total: 280 creatures vanquished

Notes
Turn   | Place    | Note
-------+----------+-------------------------------------------
     0 | D:1      | RoseArtemis the Troll Monk began the quest for the Orb.
     0 | D:1      | Reached XP level 1. HP: 22/22 MP: 0/0
    95 | D:1      | Reached XP level 2. HP: 15/29 MP: 1/1
   535 | D:1      | Reached XP level 3. HP: 34/36 MP: 2/2
  2026 | D:2      | Reached XP level 4. HP: 44/44 MP: 3/3
  2111 | D:3      | Reached skill level 4 in Unarmed Combat
  2180 | D:3      | Found a basalt altar of Yredelemnul.
  2244 | D:3      | Found a white marble altar of Elyvilon.
  2477 | D:3      | Reached XP level 5. HP: 53/53 MP: 4/4
  2482 | D:3      | Found a burning altar of Makhleb.
  2488 | D:3      | Became a worshipper of Makhleb the Destroyer
  2488 | D:3      | Reached * piety under Makhleb
  2488 | D:3      | Reached ** piety under Makhleb
  2589 | D:3      | Noticed Natasha
  2596 | D:3      | Killed Natasha
  2761 | D:4      | Noticed a phantom
  2857 | D:4      | Noticed an ogre
  2861 | D:4      | Noticed an ogre
  2870 | D:4      | Killed an ogre
  2870 | D:4      | Reached XP level 6. HP: 61/61 MP: 5/5
  2873 | D:4      | Reached skill level 5 in Unarmed Combat
  2909 | D:4      | Found a shadowy altar of Dithmenos.
  3251 | D:4      | Noticed Edmund
  3262 | D:4      | Killed Edmund
  3262 | D:4      | Reached XP level 7. HP: 61/68 MP: 6/6
  3428 | D:5      | Entered Level 5 of the Dungeon
  3456 | D:5      | Reached skill level 6 in Unarmed Combat
  3625 | D:5      | Noticed Ijyb
  3634 | D:5      | Killed Ijyb
  3711 | D:5      | Noticed Blork the orc
  3729 | D:5      | Killed Blork the orc
  3729 | D:5      | Reached skill level 1 in Invocations
  3729 | D:5      | Reached XP level 8. HP: 78/78 MP: 7/7
  3867 | D:5      | Reached skill level 7 in Unarmed Combat
  3876 | D:5      | Reached *** piety under Makhleb
  3888 | D:5      | Reached skill level 8 in Unarmed Combat
  3953 | D:5      | Reached skill level 5 in Fighting
  4021 | D:5      | Reached skill level 5 in Dodging
  4021 | D:5      | Reached XP level 9. HP: 88/88 MP: 10/10
  4610 | D:6      | Found a transporter.
  4611 | D:6      | Noticed kirsanium's ghost (novice OpTm)
  4625 | D:6      | Found a transporter.
  4657 | D:6      | Got a slimy garnet amulet
  4658 | D:6      | Identified the amulet "Plog" {Faith rElec rF++ rN+ Int-5}
                  | (You found it on level 6 of the Dungeon)
  4717 | D:6      | Found a staircase to the Ecumenical Temple.
  4748 | D:6      | Found a sparkling altar of Nemelex Xobeh.
  4758 | Temple   | Entered the Ecumenical Temple
  4889 | D:6      | Noticed Duvessa
  4889 | D:6      | Noticed Dowan
  4898 | D:6      | Killed Duvessa
  4904 | D:6      | Killed Dowan
  5175 | D:6      | Found a runed door.
  5322 | D:6      | Noticed Crazy Yiuf
  5327 | D:6      | Killed Crazy Yiuf
  5504 | D:7      | Reached skill level 9 in Unarmed Combat
  5740 | D:7      | Reached **** piety under Makhleb
  6121 | D:8      | Found an ornate altar of the Wu Jian Council.
  6165 | D:8      | Reached XP level 10. HP: 98/98 MP: 12/12
  6222 | D:8      | Found a glowing golden altar of the Shining One.
  6224 | D:8      | Found a white marble altar of Elyvilon.
  6224 | D:8      | Found a blossoming altar of Fedhas.
  6226 | D:8      | Found a white marble altar of Elyvilon.
  6226 | D:8      | Found a shattered altar of Ashenzari.
  6226 | D:8      | Found a shimmering altar of Xom.
  6346 | D:8      | Noticed a purple ugly thing
  6353 | D:8      | Killed a purple ugly thing
  6442 | D:8      | Noticed a two-headed ogre
  6451 | D:8      | Killed a two-headed ogre
  6451 | D:8      | Reached skill level 1 in Armour
  6451 | D:8      | Reached skill level 10 in Unarmed Combat
  6451 | D:8      | Reached skill level 5 in Invocations
  6685 | D:8      | Found a faded altar of an unknown god.
  6685 | D:8      | Found a faded altar of an unknown god.
  6690 | D:8      | Found an iron altar of Okawaru.
  6692 | D:8      | Found a radiant altar of Vehumet.
  6693 | D:8      | Found an opulent altar of Gozag.
  7079 | D:9      | Found a sparkling altar of Nemelex Xobeh.
  7567 | D:9      | Noticed a two-headed ogre
  7582 | D:9      | Killed a two-headed ogre
  7582 | D:9      | Reached skill level 11 in Unarmed Combat
  7599 | D:9      | Reached ***** piety under Makhleb
  7630 | D:9      | Found a staircase to the Lair.
  7758 | D:9      | Reached XP level 11. HP: 97/107 MP: 14/14
  7908 | D:9      | Found a blossoming altar of Fedhas.
  8019 | D:10     | Entered Level 10 of the Dungeon
  8150 | D:10     | Found Osib's Jewellery Shop.
  8199 | D:10     | Bought the ring "Ranonef" {AC+2 Dex+3} for 279 gold pieces
  8342 | D:10     | Found a staircase to the Orcish Mines.
  8518 | D:10     | Noticed Harold
  8534 | D:10     | Killed Harold
  8602 | D:10     | Noticed a two-headed ogre
  8605 | D:10     | Noticed Josephine
  8615 | D:10     | Killed a two-headed ogre
  8622 | D:10     | HP: 4/109 [wraith[Josephine] (12)]
  8725 | Lair:1   | Entered Level 1 of the Lair of Beasts
  8733 | Lair:1   | Reached skill level 12 in Unarmed Combat
  8958 | Lair:1   | Noticed Grum
  8966 | Lair:1   | Killed Grum
  9428 | Lair:2   | Noticed Prince Ribbit
  9439 | Lair:2   | Killed Prince Ribbit
  9624 | Lair:2   | Reached XP level 12. HP: 60/119 MP: 16/16
  9864 | Lair:2   | Noticed a seven-headed hydra
 10214 | Lair:2   | Noticed a seven-headed hydra
 10229 | Lair:2   | Noticed a blizzard demon
 10235 | Lair:2   | HP: 7/178 [eight-headed hydra (2)]
 10235 | Lair:2   | Slain by an eight-headed hydra

Vault maps used:
D:1:      dpeg_arrival_houses_and_road
D:3:      kennysheep_ying_yang, bloody_makhleb, uniq_natasha
D:4:      nicolae_dithmenos_through_a_glass_darkly, kennysheep_windowed_goal,
          uniq_edmund
D:5:      first_ration, uniq_blork_the_orc, uniq_ijyb
D:6:      minmay_temple_entry_drinking_statues, gammafunk_ghost_mausoleum,
          basic_altar, uniq_crazy_yiuf_cottage, uniq_duvessa
D:7:      grunt_decor_one_mirror
D:8:      lemuel_doored_altar, chequers_temple_overflow_minitemple,
          grunt_ogre_cave, doesnt_xom_only_xom
D:9:      lemuel_crystal_altar, nemelex_altar_shiori, minmay_lair_entry_grove,
          hangedman_decor_push
D:10:     orc_0_dummy, serial_shops, shop, serial_glass, glass_columns_c,
          glass_columns_a, glass_columns_b, glass_columns_a, glass_columns_b,
          glass_columns_a, glass_columns_c, glass_columns_c, glass_columns_c,
          glass_columns_a, uniq_harold, uniq_josephine
Temple:   cyrus_circular_temple
Lair:1:   serial_bayou_shore_a, uniq_grum
Lair:2:   uniq_prince_ribbit2

Skill      XL: |  1  2  3  4  5  6  7  8  9 10 11 |
---------------+----------------------------------+-----
Unarmed Combat | 4 5 6 8 9 11 12 | 12.6
Fighting       | 3 4 5 6 7 |  7.9
Dodging        | 3 4 5 6 |  6.0
Stealth        | 2 |  2.4
Invocations    | 1 3 4 5 7 |  7.3
Armour         | 2 4 |  4.8

Action                   |  1- 3 |  4- 6 |  7- 9 | 10-12 || total
-------------------------+-------+-------+-------+-------++-------
Melee: Unarmed           |   103 |   108 |   279 |   466 ||   956
       Punch             |     2 |       |    12 |    32 ||    46
Throw: Large rock        |       |       |       |     6 ||     6
Invok: Greater Servant o |       |       |       |     1 ||     1
  Use: Scroll            |     2 |     7 |     3 |    12 ||    24
       Potion            |       |     1 |       |     3 ||     4
 Stab: Sleeping          |     3 |     2 |     7 |     3 ||    15
  Eat: Chunk             |    24 |    11 |    27 |    38 ||   100
Armor: Robe              |    42 |    30 |    71 |    45 ||   188
       Troll leather arm |       |       |       |   143 ||   143
       Skin              |       |       |       |    33 ||    33
Dodge: Dodged            |    46 |    45 |   139 |   477 ||   707

Table legend:
 A = Non-vault XP
 B = Vault XP
 C = Vault XP percentage of total XP
 D = Non-vault monster count
 E = Vault monster count
 F = Vault count percentage of total count
                 A         B        C        D         E       F
            +---------+---------+-------+---------+---------+-------
      Total |   17172 |    5652 |  24.8 |     246 |      31 |  11.2
            +---------+---------+-------+---------+---------+-------
        D:1 |      55 |       0 |   0.0 |      25 |       0 |   0.0
        D:2 |      52 |       0 |   0.0 |      19 |       0 |   0.0
        D:3 |     100 |      37 |  27.0 |      21 |       1 |   4.5
        D:4 |     569 |     168 |  22.8 |      14 |       2 |  12.5
        D:5 |    1868 |     132 |   6.6 |      26 |       2 |   7.1
        D:6 |     664 |     266 |  28.6 |      18 |       3 |  14.3
        D:7 |    1531 |       0 |   0.0 |      35 |       0 |   0.0
        D:8 |    1789 |     408 |  18.6 |      17 |       3 |  15.0
        D:9 |    2993 |    1662 |  35.7 |      21 |      10 |  32.3
       D:10 |    3922 |    1204 |  23.5 |      31 |       2 |   6.1
     Lair:1 |    1207 |     419 |  25.8 |       8 |       3 |  27.3
     Lair:2 |    2422 |    1356 |  35.9 |      11 |       5 |  31.2
            +---------+---------+-------+---------+---------+-------
